TOP OF THE 1ST |
Key West Barracudas batting - Pitching for Wichita Wranglers : RHP Flint Gray
|
Pitching: RHP Flint Gray
|
|
Batting: SHB Rodney Birling
|
0-0: SINGLE (Groundball, 5D)
|
Batting: RHB Zander Tremblett
|
0-0: Foul Ball, location: 2F 0-1: Called Strike 0-2: Strikes out looking
|
Batting: LHB Víctor Acevedo
|
0-0: Ball 1-0: Foul Ball, location: 2F 1-1: Ball 2-1: Foul Ball, location: 2F 2-2: Strikes out looking
|
Batting: RHB Ramiro Gámez
|
0-0: Called Strike 0-1: Ball Wild Pitch! Rodney Birling to second 1-1: Foul Ball, location: 2F 1-2: Foul Ball, location: 2F 1-2: Ball Wild Pitch! Rodney Birling to third 2-2: Strikes out swinging
|
Top of the 1st over - 0 run(s), 1 hit(s), 0 error(s), 1 left on base; Key West 0 - Wichita 0 |
BOTTOM OF THE 1ST |
Wichita Wranglers batting - Pitching for Key West Barracudas : RHP Cade Baird
|
Pitching: RHP Cade Baird
|
|
Batting: SHB Martín Medina
|
0-0: Called Strike 0-1: Ground out 6-3 (Groundball, 6MS)
|
Batting: LHB Eric Peterson
|
0-0: Ball 1-0: Ball 2-0: Ground out 6-3 (Groundball, 6M)
|
Batting: RHB Bob Hall
|
0-0: Hit by Pitch
|
Pinch Runner at 1st Rusty Clinton:
|
|
Batting: RHB Norberto Taváres
|
0-0: Called Strike 0-1: Ball 1-1: Ball 2-1: Ball 3-1: Foul Ball, location: 2F 3-2: DOUBLE (Groundball, 5L) Rusty Clinton to third Rusty Clinton scores
|
Batting: RHB Javier Coronado
|
0-0: Foul Ball, location: 2F 0-1: Ball 1-1: SINGLE (Line Drive, 4) Norberto Taváres to third Runner from 3rd tries for Home, throw and OUT!
|
Bottom of the 1st over - 1 run(s), 2 hit(s), 0 error(s), 1 left on base; Key West 0 - Wichita 1 |
TOP OF THE 2ND |
Key West Barracudas batting - Pitching for Wichita Wranglers : RHP Flint Gray
|
Now at 1B: Rusty Clinton
|
|
Batting: RHB Luther Stoffels
|
0-0: Ball 1-0: SINGLE (Groundball, 4MD)
|
Batting: LHB Jake Wells
|
0-0: Ball 1-0: Grounds into double play, 4-6-3 (Groundball, 4)
|
Batting: RHB Kenny Cole
|
0-0: Ball 1-0: Ball 2-0: Ball 3-0: Called Strike 3-1: Called Strike 3-2: Base on Balls
|
Batting: RHB Victor Baker
|
0-0: Ball 1-0: Swinging Strike 1-1: Swinging Strike 1-2: Foul Ball, location: 2F 1-2: Strikes out swinging
|
Top of the 2nd over - 0 run(s), 1 hit(s), 0 error(s), 1 left on base; Key West 0 - Wichita 1 |
BOTTOM OF THE 2ND |
Wichita Wranglers batting - Pitching for Key West Barracudas : RHP Cade Baird
|
Batting: RHB Hamilton Holbrook
|
0-0: SINGLE (Line Drive, 8LS)
|
Batting: SHB Javier Peña
|
0-0: Called Strike 0-1: Foul Ball, location: 2F 0-2: 2-RUN HOME RUN (Flyball, 9D), Distance : 388 ft
|
Batting: RHB Dave Henderson
|
0-0: Called Strike 0-1: Ball 1-1: Swinging Strike 1-2: Ground out 6-3 (Groundball, 6)
|
Batting: SHB Shane Hutchinson
|
0-0: Called Strike 0-1: Fly out, F8 (Flyball, 8LM)
|
Batting: SHB Martín Medina
|
0-0: Called Strike 0-1: Foul Ball, location: 2F 0-2: Ball 1-2: Foul Ball, location: 2F 1-2: SINGLE (Line Drive, 4MD)
|
Batting: LHB Eric Peterson
|
0-0: Ball 1-0: Foul Ball, location: 2F 1-1: Ball 2-1: Foul Ball, location: 2F 2-2: Fly out, F7 (Flyball, 7M)
|
Bottom of the 2nd over - 2 run(s), 3 hit(s), 0 error(s), 1 left on base; Key West 0 - Wichita 3 |
TOP OF THE 3RD |
Key West Barracudas batting - Pitching for Wichita Wranglers : RHP Flint Gray
|
Batting: RHB Dan Craft
|
0-0: Ball 1-0: Called Strike 1-1: Called Strike 1-2: Foul Ball, location: 2F 1-2: Ball 2-2: Strikes out swinging
|
Batting: SHB Rodney Birling
|
0-0: Called Strike 0-1: Ball 1-1: Ball 2-1: Ball 3-1: Swinging Strike 3-2: Foul Ball, location: 2F 3-2: Foul Ball, location: 2F 3-2: Strikes out looking
|
Batting: RHB Zander Tremblett
|
0-0: Ball 1-0: Called Strike 1-1: Called Strike 1-2: Strikes out swinging
|
Top of the 3rd over - 0 run(s), 0 hit(s), 0 error(s), 0 left on base; Key West 0 - Wichita 3 |
BOTTOM OF THE 3RD |
Wichita Wranglers batting - Pitching for Key West Barracudas : RHP Cade Baird
|
Batting: LHB Rusty Clinton
|
0-0: Ground out 6-3 (Groundball, 6)
|
Batting: RHB Norberto Taváres
|
0-0: Swinging Strike 0-1: Foul Ball, location: 2F 0-2: Ball 1-2: Ball 2-2: Ball 3-2: Foul Ball, location: 2F 3-2: SINGLE (Groundball, 6MD) (infield hit)
|
Batting: RHB Javier Coronado
|
0-0: Called Strike 0-1: Foul Ball, location: 2F 0-2: Ball 1-2: Fielders Choice at 2nd, 6-4 (Groundball, 6M)
|
Batting: RHB Hamilton Holbrook
|
0-0: Ball 1-0: Ball 2-0: Foul Ball, location: 2F 2-1: Ball 3-1: SINGLE (Line Drive, 89M) Javier Coronado to second
|
Batting: SHB Javier Peña
|
0-0: Swinging Strike 0-1: Foul Ball, location: 2F 0-2: Ball 1-2: Ball 2-2: Ground out 4-3 (Groundball, 4)
|
Bottom of the 3rd over - 0 run(s), 2 hit(s), 0 error(s), 2 left on base; Key West 0 - Wichita 3 |
TOP OF THE 4TH |
Key West Barracudas batting - Pitching for Wichita Wranglers : RHP Flint Gray
|
Batting: LHB Víctor Acevedo
|
0-0: Ball 1-0: Hit by Pitch
|
Batting: RHB Ramiro Gámez
|
0-0: Ball 1-0: Fly out, F8 (Flyball, 8RM)
|
Batting: RHB Luther Stoffels
|
0-0: Called Strike 0-1: Ball 1-1: Foul Ball, location: 2F 1-2: Ball 2-2: Ball 3-2: Foul Ball, location: 2F 3-2: Strikes out swinging
|
Batting: LHB Jake Wells
|
0-0: Ball 1-0: Ball 2-0: Foul Ball, location: 2F 2-1: Called Strike Víctor Acevedo steals 2nd base 2-2: Ground out 1-3 (Groundball, 13S)
|
Top of the 4th over - 0 run(s), 0 hit(s), 0 error(s), 1 left on base; Key West 0 - Wichita 3 |
BOTTOM OF THE 4TH |
Wichita Wranglers batting - Pitching for Key West Barracudas : RHP Cade Baird
|
Batting: RHB Dave Henderson
|
0-0: Ground out 2-3 (Groundball, 2R)
|
Batting: SHB Shane Hutchinson
|
0-0: Ball 1-0: Called Strike 1-1: Ball 2-1: Ground out 4-3 (Groundball, 4)
|
Batting: SHB Martín Medina
|
0-0: Ball 1-0: Swinging Strike 1-1: Ball 2-1: Called Strike 2-2: Ball 3-2: Foul Ball, location: 2F 3-2: SOLO HOME RUN (Flyball, 9LD), Distance : 351 ft
|
Batting: LHB Eric Peterson
|
0-0: Ball 1-0: Fly out, F7 (Flyball, 78D)
|
Bottom of the 4th over - 1 run(s), 1 hit(s), 0 error(s), 0 left on base; Key West 0 - Wichita 4 |
TOP OF THE 5TH |
Key West Barracudas batting - Pitching for Wichita Wranglers : RHP Flint Gray
|
Batting: RHB Kenny Cole
|
0-0: Swinging Strike 0-1: Swinging Strike 0-2: Ball 1-2: Ball 2-2: Ball 3-2: Foul Ball, location: 2F 3-2: Base on Balls
|
Batting: RHB Victor Baker
|
0-0: Called Strike 0-1: Foul Ball, location: 2F 0-2: Ball 1-2: Foul Ball, location: 2F 1-2: Ball 2-2: Strikes out swinging
|
Batting: RHB Dan Craft
|
0-0: Ball 1-0: Grounds into double play, 6-4-3 (Groundball, 6)
|
Top of the 5th over - 0 run(s), 0 hit(s), 0 error(s), 0 left on base; Key West 0 - Wichita 4 |
BOTTOM OF THE 5TH |
Wichita Wranglers batting - Pitching for Key West Barracudas : RHP Cade Baird
|
Batting: LHB Rusty Clinton
|
0-0: Ball 1-0: SINGLE (Groundball, 13) (infield hit)
|
Pitching: RHP José García
|
|
Batting: RHB Norberto Taváres
|
0-0: Ball 1-0: Swinging Strike 1-1: Ball 2-1: Foul Ball, location: 2F 2-2: Strikes out looking
|
Batting: RHB Javier Coronado
|
0-0: Ball 1-0: Foul Ball, location: 2F 1-1: Swinging Strike 1-2: Ball 2-2: Reached on error, E5 (Groundball, 5L) Rusty Clinton to second
|
Batting: RHB Hamilton Holbrook
|
0-0: Ball 1-0: Swinging Strike 1-1: Ball 2-1: Ball 3-1: Foul Ball, location: 2F 3-2: Strikes out looking
|
Batting: SHB Javier Peña
|
0-0: Ball 1-0: Called Strike 1-1: 3-RUN HOME RUN (Flyball, 89XD), Distance : 400 ft
|
Batting: RHB Dave Henderson
|
0-0: Called Strike 0-1: Foul Ball, location: 2F 0-2: Foul Ball, location: 2F 0-2: Ball 1-2: Ground out 5-3 (Groundball, 56)
|
Bottom of the 5th over - 3 run(s), 2 hit(s), 1 error(s), 0 left on base; Key West 0 - Wichita 7 |
TOP OF THE 6TH |
Key West Barracudas batting - Pitching for Wichita Wranglers : RHP Flint Gray
|
Batting: SHB Rodney Birling
|
0-0: Swinging Strike 0-1: Fly out, F2 (Popup, 25F)
|
Batting: RHB Zander Tremblett
|
0-0: SINGLE (Groundball, 56D)
|
Batting: LHB Víctor Acevedo
|
0-0: Ball Passed Ball! Zander Tremblett to second 1-0: Swinging Strike 1-1: Ball 2-1: Called Strike 2-2: Ball 3-2: Foul Ball, location: 2F 3-2: Base on Balls
|
Batting: RHB Ramiro Gámez
|
0-0: Ball 1-0: Ball 2-0: Fly out, F7 (Flyball, 7M)
|
Batting: RHB Luther Stoffels
|
0-0: Ground out 1-3 (Groundball, 23)
|
Top of the 6th over - 0 run(s), 1 hit(s), 0 error(s), 2 left on base; Key West 0 - Wichita 7 |
BOTTOM OF THE 6TH |
Wichita Wranglers batting - Pitching for Key West Barracudas : RHP José García
|
Batting: SHB Shane Hutchinson
|
0-0: Ball 1-0: Ball 2-0: Foul Ball, location: 2F 2-1: Ball 3-1: Base on Balls
|
Batting: SHB Martín Medina
|
0-0: Ball 1-0: Ball 2-0: Ball 3-0: SINGLE (Groundball, 56D) Shane Hutchinson to second
|
Batting: LHB Eric Peterson
|
0-0: Ball 1-0: Ball 2-0: Foul Ball, location: 2F 2-1: Ball 3-1: Base on Balls Shane Hutchinson to third Martín Medina to second
|
Pitching: RHP Carlos Molina
|
|
Batting: LHB Rusty Clinton
|
0-0: Called Strike 0-1: Foul Ball, location: 2F 0-2: Ball 1-2: Ground out 4-3 (Groundball, 4M) Shane Hutchinson scores Martín Medina to third Eric Peterson to second
|
Batting: RHB Norberto Taváres
|
0-0: Called Strike 0-1: Ball 1-1: Called Strike 1-2: Ball 2-2: Ball 3-2: Base on Balls
|
Batting: RHB Javier Coronado
|
0-0: Called Strike 0-1: Swinging Strike 0-2: Ball 1-2: Fly out, F4 (Popup, 4)
|
Batting: RHB Hamilton Holbrook
|
0-0: Ball 1-0: Swinging Strike 1-1: Swinging Strike 1-2: Strikes out swinging
|
Bottom of the 6th over - 1 run(s), 1 hit(s), 0 error(s), 3 left on base; Key West 0 - Wichita 8 |
TOP OF THE 7TH |
Key West Barracudas batting - Pitching for Wichita Wranglers : RHP Flint Gray
|
Batting: LHB Jake Wells
|
0-0: Ball 1-0: Ball 2-0: Ball 3-0: Base on Balls
|
Pitching: RHP Javier Pacheco
|
|
Batting: RHB Kenny Cole
|
0-0: Called Strike 0-1: Called Strike 0-2: Ball 1-2: Ball 2-2: Strikes out looking
|
Batting: RHB Victor Baker
|
0-0: Called Strike 0-1: Called Strike 0-2: Strikes out swinging
|
Batting: RHB Dan Craft
|
0-0: Ball 1-0: Called Strike 1-1: Ground out 5-3 (Groundball, 5S)
|
Top of the 7th over - 0 run(s), 0 hit(s), 0 error(s), 1 left on base; Key West 0 - Wichita 8 |
BOTTOM OF THE 7TH |
Wichita Wranglers batting - Pitching for Key West Barracudas : RHP Carlos Molina
|
Batting: SHB Javier Peña
|
0-0: Ball 1-0: Called Strike 1-1: Ball 2-1: Ball 3-1: Base on Balls
|
Batting: RHB Dave Henderson
|
0-0: Foul Ball, location: 2F 0-1: Ball 1-1: Called Strike 1-2: Ball 2-2: Ball 3-2: Grounds into double play, 6-4-3 (Groundball, 6M)
|
Batting: SHB Shane Hutchinson
|
0-0: Ball 1-0: Called Strike 1-1: Foul Ball, location: 2F 1-2: Strikes out swinging
|
Bottom of the 7th over - 0 run(s), 0 hit(s), 0 error(s), 0 left on base; Key West 0 - Wichita 8 |
TOP OF THE 8TH |
Key West Barracudas batting - Pitching for Wichita Wranglers : RHP Javier Pacheco
|
Now in RF: Leslie Adams
|
|
Batting: SHB Rodney Birling
|
0-0: Foul Ball, location: 2F 0-1: Ball 1-1: Foul Ball, location: 2F 1-2: Fly out, F6 (Popup, 6M)
|
Batting: RHB Zander Tremblett
|
0-0: Called Strike 0-1: Ball 1-1: Foul Ball, location: 2F 1-2: Foul Ball, location: 2F 1-2: Ball 2-2: Ball 3-2: Strikes out looking
|
Batting: LHB Víctor Acevedo
|
0-0: Fly out, F2 (Popup, 25F)
|
Top of the 8th over - 0 run(s), 0 hit(s), 0 error(s), 0 left on base; Key West 0 - Wichita 8 |
BOTTOM OF THE 8TH |
Wichita Wranglers batting - Pitching for Key West Barracudas : RHP Carlos Molina
|
Pitching: LHP Alfredo González
|
|
Batting: SHB Martín Medina
|
0-0: Called Strike 0-1: Ball 1-1: Swinging Strike 1-2: Ball 2-2: Ball 3-2: Base on Balls
|
Batting: LHB Eric Peterson
|
0-0: Ball 1-0: Ball 2-0: Sac Bunt - play at first, batter OUT! 1-4 Martín Medina to second
|
Batting: LHB Rusty Clinton
|
0-0: Called Strike 0-1: Called Strike Throwing error on steal attempt, E2 Martín Medina scores 0-2: Ball 1-2: Strikes out swinging
|
Batting: RHB Norberto Taváres
|
0-0: Ball 1-0: Foul Ball, location: 2F 1-1: Foul Ball, location: 2F 1-2: Foul Ball, location: 2F 1-2: Ball 2-2: Ball 3-2: Fly out, F7 (Flyball, 78M)
|
Bottom of the 8th over - 1 run(s), 0 hit(s), 1 error(s), 0 left on base; Key West 0 - Wichita 9 |
TOP OF THE 9TH |
Key West Barracudas batting - Pitching for Wichita Wranglers : RHP Javier Pacheco
|
Batting: RHB Ramiro Gámez
|
0-0: Foul Ball, location: 2F 0-1: Ball 1-1: Foul Ball, location: 2F 1-2: Foul Ball, location: 2F 1-2: Ball 2-2: Foul Ball, location: 2F 2-2: Foul Ball, location: 2F 2-2: Ball 3-2: Base on Balls
|
Batting: RHB Luther Stoffels
|
0-0: Foul Ball, location: 2F 0-1: Ball 1-1: Swinging Strike 1-2: Strikes out swinging
|
Batting: LHB Jake Wells
|
0-0: Swinging Strike 0-1: Foul Ball, location: 2F 0-2: Strikes out looking
|
Batting: RHB Kenny Cole
|
0-0: Ball 1-0: SINGLE (Flyball, 4D) Ramiro Gámez to second Runner from 2nd tries for 3rd, SAFE, throw made to third
|
Batting: RHB Victor Baker
|
0-0: Called Strike 0-1: Swinging Strike 0-2: SINGLE (Groundball, 6MD) Ramiro Gámez scores Kenny Cole to second Runner from 2nd tries for 3rd, SAFE, no throw or cutoff
|
Batting: RHB Dan Craft
|
0-0: Foul Ball, location: 2F 0-1: Ball 1-1: Foul Ball, location: 2F 1-2: Foul Ball, location: 2F 1-2: Fly out, F7 (Flyball, 7LM)
|
Top of the 9th over - 1 run(s), 2 hit(s), 0 error(s), 2 left on base; Key West 1 - Wichita 9 |
|